 Dungeon Crawl Stone Soup version 0.30.0-29-ga12c61a403 (webtiles) character file.

Game seed: 12159164421421675147

197 Graphine the Trooper (level 5, -3/42 HPs)
             Began as a Demonspawn Monk on June 21, 2023.
             Slain by a gnoll
             ... wielding a +0 halberd
             ... led by a gnoll bouda
              (6 damage)
             ... on level 3 of the Dungeon.
             The game lasted 00:03:39 (1468 turns).

Graphine the Trooper (Demonspawn Monk)              Turns: 1468, Time: 00:03:39

Health: -3/42      AC:  7    Str: 11    XL:     5   Next: 46%
Magic:  5/6        EV: 13    Int: 12    God:
Gold:   145        SH:  0    Dex: 17    Spells: 5/5 levels left

rFire   . . .        a - +0 falchion
rCold   + . .        (no shield)
rNeg    . . .        f - +0 leather armour
rPois   .            (no helmet)
rElec   .            (no cloak)
rCorr   .            j - +0 pair of gloves
SInv    .            l - +0 pair of boots
Will    .....        (no amulet)
Stlth   +            g - ring of wizardry
HPRegen 0.27/turn    h - ring of protection from cold
MPRegen 0.10/turn

%: wizardry (x1)
@: about to teleport, weakened
A: thin metallic scales 1, demonic magic 1, demonic touch 1
a: no special abilities


You were on level 3 of the Dungeon.
You visited 1 branch of the dungeon, and saw 4 of its levels.

You collected 145 gold pieces.

Inventory:

Hand Weapons
 a - a +0 falchion (weapon)
Armour
 d - an orb of light
 f - a +0 leather armour (worn)
 j - a +0 pair of gloves (worn)
 l - a +0 pair of boots (worn)
Jewellery
 g - a ring of wizardry (left hand)
 h - a ring of protection from cold (right hand)
Scrolls
 n - a scroll of brand weapon {unknown}
 p - a scroll of fog {unknown}
 q - a scroll of identify {unknown}
Potions
 c - a potion of ambrosia
 e - 2 potions of lignification {unknown}
 i - 2 potions of curing {unknown}
 k - 2 potions of flight {unknown}
 o - a potion of brilliance {unknown}
 r - a potion of invisibility {unknown}


   Skills:
 + Level 3.8 Fighting
 + Level 3.5 Long Blades
 + Level 2.0 Armour
 + Level 3.5 Dodging
 + Level 0.8 Spellcasting
 + Level 1.5 Invocations


You had 5 spell levels left.
You didn't know any spells.
Your spell library was empty.

Dungeon Overview and Level Annotations

Branches:
Dungeon (4/15)
 Temple: D:4-7

Altars:


Innate Abilities, Weirdness & Mutations

You are partially covered in thin metallic scales. (AC +2)
Spells you cast may paralyse adjacent enemies.
Your touch may inflict minor irresistible damage on your foes.


Message History

A gnoll comes into view. It is wielding a +0 spear.
A gnoll comes into view. It is wielding a +0 whip.
Your Armour skill increases to level 2!
The gnoll shouts!
You hit the gnoll.
You touch the gnoll!
The gnoll is almost dead.
The gnoll hits you but does no damage.
A gnoll comes into view. It is wielding a +0 flail.
You closely miss the gnoll. Your touch misses the gnoll.
The gnoll is almost dead.
The gnoll hits you with a +0 flail. The gnoll hits you with a +0 flail!
You are too injured to fight recklessly!
You are too injured to fight recklessly!
You are too injured to fight recklessly!
You hit the gnoll.
The gnoll is almost dead.
A goblin comes into view. It is wielding a +0 dagger.
A gnoll comes into view. It is wielding a +0 spear.
The gnoll barely misses you. The gnoll closely misses you.
The gnoll shouts!
You hit the gnoll.
You kill the gnoll!
The gnoll bouda gazes fiercely through you!
You feel your attacks grow feeble.
The gnoll bouda hits you but does no damage.
A gnoll comes into view. It is wielding a +0 flail.
The gnoll hits you from afar with a +0 halberd!
* * * LOW HITPOINT WARNING * * *
The gnoll bouda hits you but does no damage.
As you read the scroll labelled EBRUYNU TIHUCS, it crumbles to dust.
You hear a loud clanging noise!
It was a scroll of noise.
You hear a shout! x2
The gnoll hits you but does no damage. The gnoll hits you with a +0 whip.
* * * LOW HITPOINT WARNING * * *
As you read the scroll labelled TIOHYE FAXYD, it crumbles to dust.
You feel strangely unstable.
It was a scroll of teleportation.
The gnoll hits you but does no damage.
The gnoll hits you from afar with a +0 halberd.
You die...

#......
#.~~P⌠
##.~..
..~.### ~..
#.P.P. .⌠..
#.⌠P####.~.#
#.~...P..~:#
#ggg~~~g⌠P.
#@ggg......
###..g#####
#.>.# #####


You could see a gnoll bouda, 6 gnolls and a goblin.

Vanquished Creatures
  A scorpion (D:4)
  A hound (D:2)
  An iguana (D:3)
  An adder (D:2)
  2 gnolls (D:3)
  A dart slug (D:1)
  An orc (D:3)
  4 bats (D:1)
  4 endoplasms
  5 goblins
  5 hobgoblins
  2 jackals (D:1)
  4 kobolds
  3 quokkas (D:1)
  6 ball pythons
  3 frilled lizards
  4 rats
48 creatures vanquished.

Notes
Turn   | Place    | Note
-------+----------+-------------------------------------------
     0 | D:1      | Graphine the Demonspawn Monk began the quest for the Orb.
     0 | D:1      | Reached XP level 1. HP: 18/18 MP: 1/1
   186 | D:1      | Gained mutation: Spells you cast may paralyse adjacent
                  | enemies. [demonic ancestry]
   186 | D:1      | Reached XP level 2. HP: 24/24 MP: 2/2
   548 | D:1      | Reached skill level 1 in Armour
   611 | D:1      | Gained mutation: You are partially covered in thin metallic
                  | scales. (AC +2) [demonic ancestry]
   611 | D:1      | Reached XP level 3. HP: 25/29 MP: 3/3
  1216 | D:2      | Reached XP level 4. HP: 34/35 MP: 4/4
  1321 | D:2      | You fall into a shaft and drop 2 floors!
  1330 | D:4      | Noticed a scorpion
  1343 | D:4      | Killed a scorpion
  1344 | D:4      | Reached skill level 1 in Invocations
  1344 | D:4      | Gained mutation: Your touch may inflict minor irresistible
                  | damage on your foes. [demonic ancestry]
  1344 | D:4      | Reached XP level 5. HP: 25/42 MP: 5/5
  1468 | D:3      | Slain by a gnoll

Illustrated notes

Levels and vault maps discovered:
D:1:      ebering_trefoil_3fold, layout_loops_cross, serial_forest,
          infiniplex_forest_straight_3, infiniplex_forest_zigzag_2,
          infiniplex_forest_zigzag_2, infiniplex_forest_zigzag_1,
          infiniplex_forest_lined_room_2
D:2:      wad_woods_pond, layout_basic, roderic_roman_lattice
D:3:      layout_basic, nicolae_overflow_crystal_walls,
          shapermc_ecumenical_altar_acropolis
D:4:      layout_rooms, marbit_many_paths, kennysheep_orc_sif_temple,
          minmay_temple_entry_crystal_x, kennysheep_nub, hex_intersection,
          small_statue_alley_b, uniq_duvessa, uniq_natasha, uniq_blork_the_orc,
          uniq_eustachio

Skill      XL: |  1  2  3  4  5 |
---------------+----------------+-----
Dodging        | 3 |  3.5
Long Blades    | 3 |  3.5
Armour         | 1 2 |  2.0
Invocations    | 1 |  1.5
Fighting       | |  3.8
Spellcasting   | |  0.8

Action                     |  1- 3 |  4- 6 || total
---------------------------+-------+-------++-------
  Melee: Falchion          |   106 |    32 ||   138
         Touch             |       |     5 ||     5
    Use: Scroll            |       |     2 ||     2
 Armour: Leather armour    |    36 |    13 ||    49
  Dodge: Dodged            |    89 |    21 ||   110
